[Event "Late-Titled-Tuesday-Blitz-June-25-2024"]
[Site "Chess.com"]
[Date "2024.06.25"]
[Round "3"]
[White "corvachesky"]
[Black "Queensandpawns"]
[Result "0-1"]
[WhiteElo "2486"]
[BlackElo "2272"]
[TimeControl "180+1"]
[EndTime "14:28:24 PDT"]
[Termination "Queensandpawns won on time"]

1. Nf3 Nc6 2. d4 d6 3. e4 Nf6 4. Nc3 Bg4 5. Bb5 a6 6. Bxc6+ bxc6 7. O-O e6 8. h3 Bh5 9. Re1 Be7 10. Bf4 O-O 11.
b3 h6 12. Nb1 Bg6 13. Nbd2 Nd7 14. c4 c5 15. Bg3 cxd4 16. Nxd4 Nc5 17. Nc6 Qd7 18. Nxe7+ Qxe7 19. f3 a5 20. Nf1 Rfb8 21. Qd2 Qe8 22. Ne3 Qc6 23. Rac1 Qb7 24. Nc2 Qb6 25. Bf2 Qc6 26. Nd4 Qb7 27. Nb5 Nd7 28. Red1 Ne5 29. Bd4 Nc6 30. Be3 a4 31. b4 Ne5 32. a3 Bh5 33. Qd4 Bxf3 34. Nc3 Bxd1 35. Rxd1 Ng6 36. c5 dxc5 37. Qxc5 Rd8 38. Rc1 Qa6 39.
Nb5 Qb7 40. Nxc7 Rac8 41. b5 Qxe4 42. b6 Ne5 43. Bf2 Nd3 44. Qc4 Qf5 45. Rf1 Ne5 46. Qxa4 Qd3 47. Qa7 Nc6 48. Qa4 Qd7 49. Rc1 Ne5 50.
Qxd7 Nxd7 51. a4 Rb8 52. a5 e5 53. Na6 Ra8 54. Nc5 Rxa5 55. Nxd7 Rxd7 0-1

[Event "Late-Titled-Tuesday-Blitz-June-25-2024"]
[Site "Chess.com"]
[Date "2024.06.25"]
[Round "3"]
[White "dasatcu90"]
[Black "Slovineanu"]
[Result "0-1"]
[WhiteElo "2282"]
[BlackElo "2550"]
[TimeControl "180+1"]
[EndTime "14:28:25 PDT"]
[Termination "Slovineanu won on time"]

1. d4 Nf6 2. Nf3 d5 3. g3 e6 4. Bg2 Be7 5. O-O O-O 6. c4 dxc4 7. Ne5 Nc6 8. Bxc6 bxc6 9. Qa4 Bb7 10. Qxc4 Qd5 11. Nc3 Qxc4 12. Nxc4 c5 13. dxc5 Bxc5 14. Be3 Bb6 15. Rfd1 Ba6 16. Nxb6 axb6 17. Rd2 Rfd8 18. Rad1 Rxd2 19. Rxd2 Kf8 20. Bf4 Rc8 21. e4 Ke8 22.
Be5 Bb7 23. f3 Rd8 24. Rxd8+ Kxd8 25. Nb5 Ne8 26. Kf2 f6 27. Bd4 Ba6 28. Nc3 c5 29. Be3 Kd7 30. f4 Kc6 31. f5 exf5 32. exf5 Nd6 33. g4 Bd3 34. Kf3 b5 35. a3 h6 36.
Bf4 Nc4 37. Bc1 Bc2 38. h4 Ne5+ 39. Kg3 Nd3 40. Na2 Bb3 41. g5 hxg5 42. hxg5 Bxa2 43. Be3 fxg5 44. Bxg5 Nxb2 45. Kf4 Nc4 46. f6 gxf6 47. Bxf6 Nxa3 48. Ke3 b4 49. Kd2 Kb5 50. Kc1 Nc4 51. Bg7 Bb3 52. Bf8 Ba4 53. Kb1 Nb6 54. Kb2 c4 55.
Ka1 c3 56. Bg7 Kc4 57. Kb1 Nd5 58. Ka1 b3 59. Kb1 b2 0-1

[Event "Late-Titled-Tuesday-Blitz-June-25-2024"]
[Site "Chess.com"]
[Date "2024.06.25"]
[Round "3"]
[White "malakismayil"]
[Black "Sasha_Solovev_777"]
[Result "1-0"]
[WhiteElo "2547"]
[BlackElo "2257"]
[TimeControl "180+1"]
[EndTime "14:28:26 PDT"]
[Termination "malakismayil won by resignation"]

1. e4 c5 2. Nf3 d6 3. Bb5+ Nd7 4. d4 cxd4 5. Qxd4 Qb6 6. Qxb6 axb6 7. Be3 Nf6 8. e5 Nd5 9. exd6 Nxe3 10. fxe3 exd6 11. Nc3 Be7 12. Nd5 Bd8 13. O-O O-O 14. Nd4 Ne5 15.
a4 Be6 16. Nf4 Bc4 17. Rfd1 Bxb5 18. Nxb5 Nc4 19. Nxd6 Nxb2 20. Rdb1 Rxa4 21. Rxa4 Nxa4 22. Nxb7 Bg5 23. Rb4 Nc3 24. Rxb6 Ne2+ 25. Kf2 Nxf4 26. exf4 Bxf4 27. Rc6 h5 28. Nc5 Rd8 29. Nd3 Bb8 30. h3 f6 31. Kf3 Kf7 32. Rc5 g5 33. Rb5 Kg6 34. Rb6 Ba7 35. Ra6 Bd4 36. Rc6 Kf5 37.
g4+ hxg4+ 38. hxg4+ Kg6 39. Ra6 Rh8 40. Ke4 Bg1 41.
Ne5+ Kg7 42. Nf3 Bf2 43. Rc6 Rh1 44. Kf5 Rf1 45. Rc7+ Kf8 46. Kg6 Bg3 47. Rc8+ Ke7 48. Nd4 Be5 49. Nf5+ Ke6 50. Rc4 Kd5 51. Rc8 Rf4 52.
Ne7+ Kd6 53. Nf5+ Kd7 54. Ra8 Rxg4 55. Ra7+ Kc6 56. Ra6+ Kb5 57. Ra8 Kc4 58. Rc8+ Kd5 59. Ne3+ Ke4 60. Nxg4 Kf4 61. Nxf6 Bxf6 62. Kxf6 g4 63. Rg8 g3 64. c4 1-0

[Event "Late-Titled-Tuesday-Blitz-June-25-2024"]
[Site "Chess.com"]
[Date "2024.06.25"]
[Round "3"]
[White "Root_21"]
[Black "BillieKimbah"]
[Result "1-0"]
[WhiteElo "2673"]
[BlackElo "2921"]
[TimeControl "180+1"]
[EndTime "14:28:27 PDT"]
[Termination "Root_21 won by resignation"]

1. e4 c5 2. Nf3 d6 3. d4 cxd4 4. Nxd4 Nf6 5. Nc3 a6 6. Bg5 Nbd7 7. Qe2 h6 8. Bh4 g6 9. f4 e5 10. fxe5 dxe5 11. O-O-O Be7 12. Nf3 Qc7 13. Qc4 Qb8 14.
Nd5 Nxd5 15. exd5 b5 16. Qe4 Bxh4 17. Qxh4 Qd6 18. Be2 Bb7 19. Ng5 Qf6 20. Nf3 Qxh4 21. Nxh4 Nb6 22. Bf3 O-O-O 23. Rhe1 Rhe8 24. d6 e4 25. Bg4+ f5 26. Bh3 Nc4 27. Nxg6 Nxd6 28. Nh4 Rf8 29.
Rf1 e3 30. Rde1 Rde8 31. Nxf5 Nxf5 32. Rxf5 Rxf5 33. Bxf5+ Kc7 34. g4 Bf3 35. c3 Re5 36. Kc2 h5 37. h3 h4 38. Kd3 e2 39. Kd2 Kd6 40. Bd3 Bg2 41. Bxe2 Ke6 42. Bf1 Be4 43. Bd3 Bg2 44. Bf1 Be4 45. Re3 Kf6 46. Ke1 Bd5 47. Rxe5 Kxe5 48. a3 Kf4 49. Kf2 Bc6 50. Bg2 Bd7 51.
Bb7 a5 52. b4 axb4 53. axb4 Be6 54. Ba6 Bc4 55. Bb7 Bd3 56. Bg2 Bg6 57. Bf1 Be8 58. c4 bxc4 59. Bxc4 Bc6 60. b5 Bb7 61. Be6 Ke5 62. Bd7 Kd6 63. Bc6 Bc8 64. Kf3 Ke5 65. b6 1-0

[Event "Late-Titled-Tuesday-Blitz-June-25-2024"]
[Site "Chess.com"]
[Date "2024.06.25"]
[Round "3"]
[White "ritanovikova"]
[Black "Cheer_Down"]
[Result "0-1"]
[WhiteElo "2250"]
[BlackElo "2500"]
[TimeControl "180+1"]
[EndTime "14:28:30 PDT"]
[Termination "Cheer_Down won by resignation"]

1. e4 e6 2. d4 d5 3. exd5 exd5 4.
Bd3 c5 5. dxc5 Bxc5 6. Nf3 Nf6 7. O-O O-O 8. h3 h6 9. Re1 Nc6 10. Be3 d4 11. Bf4 Be6 12. Nbd2 Nd5 13. Bg3 Qf6 14.
Ne4 Qe7 15. Nxc5 Qxc5 16. Qe2 Rfe8 17. Qd2 Rac8 18. a3 Bd7 19. Ne5 Nxe5 20. Bxe5 Kf8 21. Rac1 Ne7 22. c3 dxc3 23. Bxc3 Qg5 24. Qc2 Bf5 25. Bb4 Rxc2 26. Bxc2 Bxc2 27. Rxc2 Kg8 28. Rce2 f6 29. Bxe7 Qb5 30. b4 Kf7 31. Re3 Qd7 32. h4 h5 33. g3 Rxe7 34. Rxe7+ Qxe7 35. Rxe7+ Kxe7 36. Kf1 Kd7 37. Ke2 Kc6 38. Kd3 Kb5 39. Kc3 Ka4 40. Kb2 g6 41. Ka2 g5 42. Kb2 g4 43. Ka2 a5 44. bxa5 Kxa5 45. Kb2 Kb5 46. Kb3 Kc5 47. Kc3 Kb5 48. Kb3 f5 49. Kc3 Ka4 50. Kb2 b6 51. Ka2 b5 52. Kb2 b4 53.
axb4 Kxb4 54. Kc2 Kc4 55. Kd2 Kd4 56. Ke2 Ke4 57. Ke1 Kd3 58. Kd1 Ke4 59. Ke2 f4 60. Ke1 fxg3 61. fxg3 Kf3 0-1

[Event "Late-Titled-Tuesday-Blitz-June-25-2024"]
[Site "Chess.com"]
[Date "2024.06.25"]
[Round "3"]
[White "rasmussvane"]
[Black "Meri-Arabidze"]
[Result "1-0"]
[WhiteElo "2981"]
[BlackElo "2692"]
[TimeControl "180+1"]
[EndTime "14:28:31 PDT"]
[Termination "rasmussvane won on time"]

1. Nf3 Nf6 2. g3 g6 3. Bg2 Bg7 4. O-O O-O 5. d4 d5 6. c4 c6 7.
Qb3 a5 8. Rd1 a4 9. Qb4 Qa5 10.
Qxa5 Rxa5 11. Bf4 Nbd7 12. Na3 Ne4 13. Rac1 Ndf6 14. Be5 Be6 15. Ne1 Nd7 16. Bxg7 Kxg7 17. Nd3 Nd6 18. Nf4 g5 19. Nxe6+ fxe6 20. Bh3 Nf5 21.
Rd2 h5 22. Re1 Nf6 23. f3 g4 24. Bg2 Ne3 25. cxd5 exd5 26. Rd3 Nxg2 27. Kxg2 Raa8 28. Nb1 Rae8 29. Re3 Nd7 30. f4 Nb6 31. Nd2 e6 32. Re5 Rf5 33. e4 Rxe5 34. fxe5 Rf8 35. Re2 Kg6 36.
Nb1 Kg5 37. Nc3 h4 38. gxh4+ Kxh4 39. exd5 cxd5 40. Nb5 Rf4 41. b3 axb3 42. axb3 Nd7 43. Rd2 Nb8 44. Nc7 Nc6 45. Nxe6 Re4 46. Rd3 Re2+ 47.
Kg1 Rb2 48. Nf4 Nb4 49. Re3 Kg5 50. Ne6+ Kf5 51. Ng7+ Kf4 52. Re1 Nd3 53. Rf1+ Ke3 54. e6 Nf2 55. Rxf2 Rxf2 56. e7 Kf3 57. e8=Q Rg2+ 58. Kf1 Rxh2 59. Qf7+ Kg3 60. Nf5+ Kf4 61. Qc7+ Kxf5 62. Qxh2 1-0

[Event "Late-Titled-Tuesday-Blitz-June-25-2024"]
[Site "Chess.com"]
[Date "2024.06.25"]
[Round "3"]
[White "RandomNoob04"]
[Black "zsizsi99"]
[Result "1/2-1/2"]
[WhiteElo "2807"]
[BlackElo "2555"]
[TimeControl "180+1"]
[EndTime "14:28:32 PDT"]
[Termination "Game drawn - insufficient material"]

1. e4 c5 2. d4 cxd4 3. c3 Nf6 4. e5 Nd5 5. Nf3 d6 6. Bc4 dxe5 7. Nxe5 e6 8. Qxd4 Nc6 9. Nxc6 bxc6 10. Nd2 Qb6 11. Qg4 h5 12. Qf3 Ba6 13. O-O Be7 14. Bxa6 Qxa6 15. c4 Nf6 16. b3 Rd8 17. Rd1 O-O 18.
Bb2 Qb6 19. Ne4 Nxe4 20. Qxe4 Rxd1+ 21. Rxd1 Rd8 22. Rxd8+ Qxd8 23. g3 Qd2 24. Qe5 Bf8 25. h4 a6 26. Kg2 Qc2 27. Qc3 Qe4+ 28. Kh2 f6 29. Qe3 Qxe3 30. fxe3 Bc5 31. Bd4 Bd6 32. Kg2 Kf7 33. Kf3 e5 34. Bb6 Ke6 35. e4 f5 36.
Bd8 g6 37. Ba5 Ba3 38. Bc3 Bc5 39. b4 Bd6 40. a4 Bc7 41. b5 cxb5 42. cxb5 axb5 43.
axb5 Bb6 44. Bd2 Kd6 45. Bb4+ Bc5 46. Ba5 Ba3 47. Bd8 Kd7 48. Bf6 Bd6 49. Ke3 Kc7 50. Kd3 Kb6 51. exf5 gxf5 52. Kc4 e4 53. Bd4+ Kb7 54.
Bf2 f4 55. gxf4 Bxf4 56. Kd5 e3 57. Be1 Kb6 58. Kc4 Bh6 59. Bb4 Bf4 60. Bc5+ Kb7 61. Kd3 Bg3 62. Be7 Bf2 63. Bg5 Kb6 64. Bxe3+ Bxe3 65. Kxe3 Kxb5 66. Kf4 Kc6 67. Kg5 Kd7 68. Kxh5 Ke7 69.
Kg6 Kf8 70. Kh7 Kf7 71. h5 Kf8 72. Kg6 Kg8 73. h6 Kh8 74. Kf6 Kh7 75. Kg5 Kh8 76. Kg6 Kg8 77. h7+ Kh8 78. Kf7 Kxh7 1/2-1/2

[Event "Late-Titled-Tuesday-Blitz-June-25-2024"]
[Site "Chess.com"]
[Date "2024.06.25"]
[Round "3"]
[White "Viktoker"]
[Black "arenal72"]
[Result "1-0"]
[WhiteElo "2486"]
[BlackElo "2683"]
[TimeControl "180+1"]
[EndTime "14:28:32 PDT"]
[Termination "Viktoker won by checkmate"]

1. d4 d6 2. Nf3 Nf6 3. Nc3 Bf5 4.
Bg5 Nbd7 5. Nh4 Bg6 6. Nxg6 hxg6 7. e4 e6 8. Be2 Be7 9. Qd2 a6 10.
a4 Rc8 11. O-O c5 12. dxc5 Nxc5 13. Qe3 Qc7 14. Rad1 d5 15. e5 Nfe4 16. Nxe4 Nxe4 17.
Bxe7 Qxe7 18. c4 Qh4 19. h3 dxc4 20. Rd4 c3 21. Rxe4 Qe7 22. bxc3 O-O 23. Rd4 Qa3 24. c4 Qxa4 25. Rfd1 Rc5 26. Rd7 Qa5 27. Rxb7 Rxe5 28. Qd2 Qc5 29. Bf1 Rf5 30. Qd4 Qc6 31. Rb6 Qa4 32. Ra1 Qe8 33. Rbxa6 Qb8 34. c5 Rd8 35. Qe3 Re5 36. Qg3 Rxc5 37. Qxb8 Rxb8 38. Ra8 Rcc8 39. Rxb8 Rxb8 40. g4 g5 41. Bg2 g6 42. Ra8 Rxa8 43.
Bxa8 Kg7 44. Kg2 Kf6 45. Kf3 Ke5 46. Ke3 f6 47. Bc6 f5 48. Bd7 Kf6 49. Bc8 Ke7 50. Kd4 Kd6 51. Ke3 Ke5 52. Bb7 Kd6 53. Ba6 Ke5 54.
Bb5 Kf6 55. Kd4 e5+ 56. Kd5 e4 57. Kd4 Ke6 58. Bc6 Kf6 59. Be8 Kg7 60. Ke5 f4 61. Kxe4 Kf6 62. Kd5 Kg7 63. Ke6 Kf8 64. Bxg6 Kg7 65. Bd3 Kh6 66. Kf6 f3 67. Kf5 Kg7 68. Kxg5 Kf7 69. Kf4 Kg7 70. Kxf3 Kf7 71. Kf4 Kg7 72.
Kg5 Kf7 73. f4 Kg7 74. f5 Kf7 75. f6 Kf8 76. Kg6 Kg8 77. h4 Kf8 78. h5 Kg8 79.
h6 Kf8 80. h7 Ke8 81. h8=Q+ Kd7 82. Qg7+ Kd6 83. f7 Kc5 84. f8=Q+ Kd5 85. Bf5 Kc6 86.
Qd7+ Kb6 87. Qfc8 Ka5 88. Qdb7 Ka4 89. Qca8# 1-0

[Event "Late-Titled-Tuesday-Blitz-June-25-2024"]
[Site "Chess.com"]
[Date "2024.06.25"]
[Round "3"]
[White "chess_cryptoworld"]
[Black "varunkrishnanchess"]
[Result "1-0"]
[WhiteElo "2469"]
[BlackElo "2635"]
[TimeControl "180+1"]
[EndTime "14:28:32 PDT"]
[Termination "chess_cryptoworld won by resignation"]

1. Nf3 Na6 2. g3 c6 3. Bg2 Nh6 4. O-O f6 5. d4 Nf7 6. c4 Nc7 7. Nc3 d5 8. cxd5 cxd5 9. e4 Be6 10. Re1 dxe4 11. Nxe4 Bd5 12. Nc3 Qd7 13. Bf4 Nd6 14.
Nxd5 Nxd5 15. Bxd6 Qxd6 16. Nh4 e6 17. Qh5+ Kd7 18.
Nf5 g6 19. Nxd6 gxh5 20. Bxd5 exd5 21. Nf5 Bb4 22. Re2 Rhe8 23. Kf1 Rxe2 24. Kxe2 Ke6 25. Ng7+ Kf7 26. Nxh5 Rc8 27. Kd3 Bd6 28. Re1 Kg6 29. g4 Kg5 30. h3 f5 31. Re6 Rd8 32. Nf6 fxg4 33. Nxh7+ Kh5 34. Nf6+ Kg5 35. Nxg4 Bf4 36. Ne3 Rh8 37. Nxd5 Rxh3+ 38. Ne3 Rh1 39. d5 Rb1 40.
d6 Bxe3 41. fxe3 Kf5 42. Rh6 Kg5 43. Rh7 Rd1+ 44. Kc2 Rxd6 45. Rxb7 a6 46. Ra7 Kg4 47. Rf7 Re6 48. Rf4+ Kg3 49. Ra4 Kf3 50. e4 Ke3 51. Kb3 Rb6+ 52. Rb4 Rc6 53. Ka4 Kd3 54. a3 Re6 55.
Ka5 Ke3 56. b3 Kd3 57. a4 Kc3 58. Rb6 Re5+ 59. Kxa6 Rxe4 60. b4 Kb3 61. a5 Ka4 62. b5 Re8 63. Rb7 Ra8+ 64. Ra7 Rb8 65. b6 Kb4 66. b7 Kc5 67. Ra8 1-0

[Event "Late-Titled-Tuesday-Blitz-June-25-2024"]
[Site "Chess.com"]
[Date "2024.06.25"]
[Round "3"]
[White "CrimeFightingSpider07"]
[Black "prxcess_brownie"]
[Result "1-0"]
[WhiteElo "2535"]
[BlackElo "2221"]
[TimeControl "180+1"]
[EndTime "14:28:33 PDT"]
[Termination "CrimeFightingSpider07 won by resignation"]

1. Nf3 Nf6 2. d4 d5 3. c4 e6 4. Nc3 c5 5. cxd5 exd5 6. Bg5 c4 7. g3 Be7 8. Bg2 O-O 9. O-O h6 10. Bxf6 Bxf6 11. e4 Be6 12. exd5 Bxd5 13. Nxd5 Qxd5 14. Ne5 Qb5 15. a4 Qb4 16. Qe1 Qxb2 17. Rb1 Qxd4 18. Bxb7 Na6 19. Nf3 Qd3 20. Rd1 Qb3 21. Bxa8 Rxa8 22. Qe4 Rf8 23. Nd4 Qxa4 24. Ra1 Nc5 25. Qd5 Qd7 26. Qxd7 Nxd7 27. Rxa7 Ne5 28. Ne2 Rc8 29.
Rc1 c3 30. Rxc3 Rxc3 31. Nxc3 Nf3+ 32. Kg2 Ne1+ 33. Kf1 Bxc3 34. Ra8+ Kh7 35. Rc8 Ba5 36. Rc5 Bb4 37. Rc4 Ba5 38. Ke2 Kg6 39. h4 h5 40.
Rc6+ f6 41. Rc5 Bb4 42. Rc4 Ba5 43. Ra4 Bc3 44. Ra3 Bb4 45. Rb3 Ba5 46. Rb5 Bc3 47. Rb7 Kh6 48. Rc7 Ba5 49. Ra7 Bb4 50. Rb7 Ba5 51.
Rb5 Bc3 52. Rc5 Bb4 53. Rc4 Ba5 54. Ra4 Bc3 55. f3 g5 56. hxg5+ Kxg5 57. Rc4 Be5 58.
f4+ Kg4 59. fxe5+ Kxg3 60. Kxe1 fxe5 61. Kf1 h4 62. Re4 h3 63. Rxe5 h2 64. Rh5 1-0

[Event "Late-Titled-Tuesday-Blitz-June-25-2024"]
[Site "Chess.com"]
[Date "2024.06.25"]
[Round "3"]
[White "AlexOstrovskiy"]
[Black "Rakitic2010"]
[Result "1-0"]
[WhiteElo "2708"]
[BlackElo "2474"]
[TimeControl "180+1"]
[EndTime "14:28:34 PDT"]
[Termination "AlexOstrovskiy won by checkmate"]

1. e4 Nf6 2. Nc3 d5 3. exd5 Nxd5 4. Bc4 Be6 5. Qf3 c6 6. Nge2 Nd7 7. d4 g6 8. Nxd5 cxd5 9. Bxd5 Ne5 10. dxe5 Bxd5 11.
Qg3 Bg7 12. O-O O-O 13. Rd1 Qa5 14. Bd2 Qa6 15. Nc3 Be6 16. Bg5 Rfe8 17. Qe3 Qa5 18. Bf4 Rac8 19. h3 a6 20. a3 b5 21. Rd4 Bf5 22. Qe2 f6 23. Re1 Qb6 24. Rd2 b4 25. Nd5 Qb7 26. exf6 Bxf6 27. axb4 Kf7 28. c3 Rcd8 29.
Red1 Bc2 30. Rxc2 Rxd5 31. Rxd5 Qxd5 32. Rd2 Qf5 33. Qf3 Kg7 34. Be3 Qb1+ 35. Qd1 Qa2 36. g3 h5 37. h4 Qe6 38. Bd4 Rf8 39. Re2 Qf5 40. Bxf6+ Rxf6 41. Qd4 Kf7 42. Qe5 Qd7 43. Kg2 Qc6+ 44. Qe4 Qd7 45. Re3 Kf8 46. Rf3 Kf7 47. Rxf6+ exf6 48. Qf3 Qd6 49. Qb7+ Ke6 50. Qe4+ Kf7 51.
Qe3 Qd5+ 52. Qf3 Qd6 53. b3 Qe6 54. Qb7+ Kf8 55. Qa8+ Kf7 56. c4 Qd6 57. Qb7+ Kf8 58. c5 Qe6 59. Qf3 Qxb3 60. Qxb3 Ke7 61. Qd5 f5 62.
Qd6+ Kf7 63. c6 f4 64. c7 f3+ 65. Kxf3 g5 66. c8=Q g4+ 67. Kf4 Kg7 68. Qce6 Kh7 69.
Qde7+ Kh8 70. Qc8# 1-0

[Event "Late-Titled-Tuesday-Blitz-June-25-2024"]
[Site "Chess.com"]
[Date "2024.06.25"]
[Round "3"]
[White "Chaubunagungamaug1"]
[Black "XDPS"]
[Result "1-0"]
[WhiteElo "2568"]
[BlackElo "2821"]
[TimeControl "180+1"]
[EndTime "14:28:35 PDT"]
[Termination "Chaubunagungamaug1 won on time"]

1. d4 d5 2. c4 e6 3. Nc3 Nf6 4. Nf3 h6 5. Bf4 Bd6 6. Bg3 O-O 7. e3 c5 8. cxd5 exd5 9. Bd3 c4 10. Bc2 Nc6 11. O-O Bg4 12. b3 Bb4 13. Ne2 Bxf3 14. gxf3 b5 15. Kh1 Re8 16. bxc4 bxc4 17. Rb1 a5 18. Rg1 Nh5 19. e4 Rc8 20. e5 Ne7 21. f4 f5 22. exf6 Nxf6 23. Bh4 Qd6 24. Ng3 Rf8 25.
Bxf6 Rxf6 26. Nh5 Rf7 27. Qg4 Kh8 28. a3 Bc3 29. f5 Rg8 30. Rb7 Qc6 31. Rxe7 Rxe7 32.
f6 Rf7 33. fxg7+ Rgxg7 34. Nxg7 Qf6 35. Nf5 Rf8 36. Nh4 Rf7 37. Qc8+ Rf8 38. Ng6+ Kg7 39.
Qxf8+ Qxf8 40. Nxf8+ Kxf8 41. Rg6 Bxd4 42. Rxh6 Bb2 43.
Rd6 Bxa3 44. Rxd5 Bb4 45. h4 Kg7 46. h5 Kh6 47. Kg2 c3 48. Kf3 Be7 49. Kg4 Bb4 50. f4 Kg7 51. f5 Kf6 52. Rb5 Be7 53. Rxa5 Bc5 54. Rxc5 Kg7 55. Rxc3 Kh6 56. Rc6+ Kg7 57. h6+ Kh7 58. f6+ Kxh6 59. f7+ Kg7 60. Rf6 Kf8 61. Bd3 Ke7 62. f8=Q+ Kd7 63. Rd6+ Kc7 64. Qd8+ Kb7 65. Rb6+ 1-0

[Event "Late-Titled-Tuesday-Blitz-June-25-2024"]
[Site "Chess.com"]
[Date "2024.06.25"]
[Round "3"]
[White "jk13"]
[Black "LastGladiator1"]
[Result "0-1"]
[WhiteElo "2694"]
[BlackElo "2986"]
[TimeControl "180+1"]
[EndTime "14:28:37 PDT"]
[Termination "LastGladiator1 won by resignation"]

1. e4 e5 2. Nf3 Nc6 3. Bc4 Nf6 4. d3 h6 5. O-O d6 6. a4 g6 7. Nc3 Bg7 8. a5 a6 9. Nd5 O-O 10. c3 Kh7 11. Re1 Nxd5 12. exd5 Ne7 13. d4 exd4 14. Nxd4 Nf5 15. Nf3 Nh4 16. Bd3 Bd7 17. h3 Qf6 18. Nxh4 Qxh4 19. Qf3 Rae8 20. Bf4 f5 21. Bd2 Be5 22.
Re2 Kg7 23. Rae1 g5 24. Bc2 g4 25. Qd3 gxh3 26. Qxh3 Qxh3 27. gxh3 f4 28. Kh1 Rg8 29.
f3 Kf6 30. Rg2 Rxg2 31. Kxg2 Rg8+ 32. Kf2 Bxh3 33. Rg1 Rxg1 34. Kxg1 Bf5 35. Bxf5 Kxf5 36. Kg2 Bf6 37. b3 h5 38. c4 Bg5 39. Kf2 Bf6 40.
Ke2 Bd4 41. Be1 Ke5 42. Bh4 c6 43. dxc6 bxc6 44. Kd3 Bc5 45. Bg5 Bb4 46. Bh4 Bxa5 47. Bg5 Bb4 48. Bh4 d5 49. cxd5 Kxd5 50. Bg5 Bd6 51.
Bh4 Be5 52. Bg5 c5 53. Bh4 Bd4 54. Bg5 Ke5 55. Bh4 Kf5 56. Be1 Bf6 57. Bf2 h4 58.
Bxc5 h3 59. Bg1 Bh4 60. Ke2 Bg3 61. Kd3 h2 62. Bxh2 Bxh2 63. Kc4 Bg1 64. Kd5 Be3 65.
Kc6 a5 66. Kb5 Bd2 67. Ka4 Kg5 68. Kb5 Bb4 69. Kc4 Kh4 70. Kd3 Kg3 71. Ke4 Be1 0-1

[Event "Late-Titled-Tuesday-Blitz-June-25-2024"]
[Site "Chess.com"]
[Date "2024.06.25"]
[Round "3"]
[White "WilsonPalencia21"]
[Black "Akhayan"]
[Result "0-1"]
[WhiteElo "2592"]
[BlackElo "2404"]
[TimeControl "180+1"]
[EndTime "14:28:37 PDT"]
[Termination "Akhayan won on time"]

1. d4 Nf6 2. c4 g6 3. Nf3 Bg7 4. Nc3 d5 5. Bg5 Ne4 6. cxd5 Nxg5 7. Nxg5 c6 8. dxc6 Nxc6 9. e3 e5 10. d5 Qxg5 11. dxc6 O-O 12. h4 Qd8 13. Qxd8 Rxd8 14. cxb7 Bxb7 15. e4 Bf8 16. a3 Rab8 17. f3 Bc6 18. b4 Rbc8 19. Ba6 Bb7 20. Bxb7 Rxc3 21. O-O Rd2 22. Rf2 Rxf2 23. Kxf2 Rc2+ 24. Kg3 Bh6 25. Bd5 Bf4+ 26. Kh3 Kg7 27. b5 h6 28. a4 g5 29. g3 Be3 30. hxg5 hxg5 31. a5 Rc7 32. b6 axb6 33. a6 b5 34. Bb7 Ba7 35. Rb1 Rc5 36. Kg4 Kf6 37. Rd1 b4 38. Bd5 Ra5 39. Bc4 Rc5 40. Bf1 b3 41. Rd7 b2 42. Rb7 Rc1 43. Bd3 Bd4 44. a7 Bxa7 45. Rxa7 b1=Q 46. Bxb1 Rxb1 47.
Ra6+ Kg7 48. Kxg5 Rb3 49. Kg4 f6 50. f4 exf4 51. gxf4 Rb1 52. Kf5 Rb5+ 53. e5 fxe5 54. Ra7+ Kf8 55. fxe5 Rb6 56. Rd7 Ke8 57. Rh7 Ra6 58.
Rc7 Rb6 59. Ke4 Ra6 60. Kd5 Kd8 61. Rb7 Rh6 62. Rg7 Ke8 63. Rb7 Kd8 0-1

[Event "Late-Titled-Tuesday-Blitz-June-25-2024"]
[Site "Chess.com"]
[Date "2024.06.25"]
[Round "3"]
[White "Kielinkei"]
[Black "dropstoneDP"]
[Result "1/2-1/2"]
[WhiteElo "2527"]
[BlackElo "3009"]
[TimeControl "180+1"]
[EndTime "14:28:40 PDT"]
[Termination "Game drawn by repetition"]

1. c4 e5 2. g3 Nf6 3. Bg2 d5 4. cxd5 Nxd5 5. Nc3 Nb6 6. Nf3 Nc6 7. O-O Be7 8. d3 O-O 9. Rb1 a5 10. Be3 Be6 11. Rc1 f6 12. Na4 Bxa2 13. Nxb6 cxb6 14. b3 b5 15. Ra1 Nb4 16. Bd2 Qc7 17. Qc1 Qxc1 18.
Rfxc1 Bxb3 19. Rc7 Bd6 20. Rxb7 Bd5 21. Rxb5 Bc6 22. Rbxa5 Rxa5 23. Rxa5 Rb8 24. h4 h5 25. Ra7 Bd5 26. Rd7 Bf8 27. Bxb4 Be6 28. Bxf8 Rb1+ 29. Kh2 Bxd7 30. Bc5 Rb2 31. Bf1 Rc2 32. Be3 Kf7 33. Nd2 Bc6 34. Bg2 Bd7 35. Bd5+ Kg6 36. Kg2 Bg4 37.
Be4+ Kf7 38. d4 Rb2 39. dxe5 Bxe2 40. exf6 gxf6 41. Bf3 Bxf3+ 42. Kxf3 Kg6 43. Ne4 Rb3 44. Nc5 Ra3 45. Ne4 Rb3 46. Nd2 Ra3 47. Kg2 Kf5 48. Nf3 Kg6 49. Nd4 Ra8 50. Ne6 Ra5 51. Nf4+ Kf7 52. Kf3 Rb5 53. g4 hxg4+ 54. Kxg4 Ra5 55. h5 Rg5+ 56. Kh4 Rg1 57. Nh3 Rh1 58. Kg3 Kg7 59.
h6+ Kg6 60. Kg2 Rb1 61. Kg3 Rh1 62. Kg4 Rh2 63. Bf4 Rh1 64. Kg3 Rb1 65. Be3 Rh1 1/2-1/2

[Event "Late-Titled-Tuesday-Blitz-June-25-2024"]
[Site "Chess.com"]
[Date "2024.06.25"]
[Round "3"]
[White "zverr1"]
[Black "SimplyDevina"]
[Result "1-0"]
[WhiteElo "2563"]
[BlackElo "2320"]
[TimeControl "180+1"]
[EndTime "14:28:41 PDT"]
[Termination "zverr1 won by resignation"]

1. e4 c6 2. d4 d5 3. Nc3 dxe4 4. Nxe4 Nf6 5. Nxf6+ exf6 6. Bc4 Bd6 7. Qe2+ Qe7 8. Qxe7+ Bxe7 9. Ne2 O-O 10. Bd3 f5 11. Bf4 Bf6 12. O-O-O a5 13. c3 b6 14. h4 Ba6 15.
Ng3 Bxd3 16. Rxd3 g6 17. h5 Nd7 18. d5 Nc5 19. Rd2 cxd5 20. Rxd5 Rfd8 21. Rxd8+ Rxd8 22. Bc7 Rd5 23. Bxb6 Nd3+ 24. Kc2 Be5 25. Rd1 Rb5 26. Rxd3 Rxb6 27. h6 Kf8 28. Ne2 Rb5 29. a4 Rc5 30. Rd7 Ke8 31. Ra7 Bf6 32. Nf4 Bg5 33. Nd3 Rd5 34.
c4 Rd4 35. Kc3 Bf6 36. Kd2 Rxc4 37. b3 Rd4 38. Rxa5 Rd6 39. Ra7 Rd8 40. Kc2 Rd6 41.
Nc5 Kd8 42. b4 Ke8 43. Kb3 Rd8 44. Kc4 Rd6 45. Ra8+ Ke7 46. Ra7+ Ke8 47. a5 Bg5 48. b5 Bxh6 49. Nb7 Rd7 50. Ra8+ Ke7 51. Nc5 Rd1 52. b6 Rc1+ 53. Kb5 Bd2 54. b7 Rb1+ 55. Kc6 Bf4 56. a6 Rc1 57. a7 Rb1 58. b8=Q Bxb8 59. axb8=Q Rxb8 60. Rxb8 Kf6 61. Nd7+ Kg7 62. Rb6 g5 63. Kd6 Kg6 64. Ke7+ f6 65. Rxf6+ Kh5 66. Nf8 Kg4 67. Nxh7 f4 68. Rg6 Kf5 69. Rxg5+ Ke4 70. f3+ Ke3 71.
Rf5 Kf2 72. Rxf4 Kxg2 73. Rg4+ Kh3 74. Rg5 Kh4 75. f4 1-0

[Event "Late-Titled-Tuesday-Blitz-June-25-2024"]
[Site "Chess.com"]
[Date "2024.06.25"]
[Round "3"]
[White "Tonychess32"]
[Black "Dyadya81"]
[Result "0-1"]
[WhiteElo "2542"]
[BlackElo "2782"]
[TimeControl "180+1"]
[EndTime "14:28:44 PDT"]
[Termination "Dyadya81 won on time"]

1. e4 c6 2. d4 d5 3. Nc3 dxe4 4. Nxe4 Bf5 5. Ng3 Bg6 6. Nf3 Nd7 7. Bd3 Ngf6 8. O-O e6 9. Re1 Bd6 10. Ne4 Nxe4 11. Bxe4 Qc7 12. Bg5 Nf6 13. Bd3 O-O-O 14. Qe2 Bh5 15. h3 Bf4 16. Bxf4 Qxf4 17. Qe3 Qxe3 18.
fxe3 Bxf3 19. gxf3 Rhe8 20. Rad1 e5 21. dxe5 Rxe5 22.
Kf2 Kc7 23. Bc4 Rde8 24. Bxf7 Rf8 25. Bc4 Ne4+ 26. Ke2 Ng5 27. Rf1 Nxh3 28. Rde1 Nf4+ 29. Kd2 Rd8+ 30. Bd3 Nxd3 31. cxd3 Red5 32. d4 c5 33. Rc1 Kb6 34. Kd3 cxd4 35. e4 Rb5 36. b3 Rg5 37. Rc4 Rg2 38. Rxd4 Rxd4+ 39. Kxd4 Rxa2 40. e5 Rd2+ 41. Ke4 Kc6 42. Rg1 Rd7 43. Rc1+ Kb5 44. f4 Kb4 45. f5 Kxb3 46. e6 Re7 47. Ke5 a5 48. Kd6 Re8 49. Rc7 b5 50. e7 a4 51.
Kc5 b4 52. Rb7 a3 53. Rxb4+ Kc2 54. Rb7 a2 55. Ra7 Rxe7 56. Rxa2+ Kd3 57. Rh2 Ke4 58. Kd6 Ra7 59. Rxh7 Kxf5 60. Rh1 g5 61. Rf1+ Kg6 62. Ke6 Ra5 63. Rh1 g4 64. Rg1 Kg5 65. Rc1 g3 66.
Rc8 Kg4 67. Rg8+ Rg5 68. Rc8 g2 69. Rc4+ Kh3 70. Rc3+ Kh2 71. Rc2 Kh1 0-1